 Dungeon Crawl Stone Soup version 0.29-a0-284-gf9362112df (webtiles) character file.

Game seed: 5401581234034874269

231 Bimmy the Covert (level 6, -5/55 HPs)
             Began as a Naga Brigand on Mar 15, 2022.
             Was an Initiate of Dithmenos.
             Slain by a +0 vorpal great sword (10 damage)
             ... created by the rancor of the Wu Jian Council
             ... on level 3 of the Dungeon.
             The game lasted 00:17:34 (2538 turns).

Bimmy the Covert (Naga Brigand)                     Turns: 2538, Time: 00:17:35

Health: -5/55      AC:  5    Str: 14    XL:     6   Next: 3%
Magic:  6/6        EV: 10    Int: 11    God:    Dithmenos [......]
Gold:   162        SH:  0    Dex: 14    Spells: 4/5 levels left

rFire   . . .      SeeInvis +   j - +4 dagger
rCold   . . .      Faith    .   u - orb {*channel}
rNeg    . . .      Spirit   .   b - +0 robe
rPois   +          Reflect  .   (no helmet)
rElec   .          Harm     .   c - +1 cloak
rCorr   +          Rampage  .   (no gloves)
Will    .....                   (no barding)
Stlth   ++++......              f - amulet of regeneration
HPRegen 0.98/turn               h - ring of resist corrosion
MPRegen 0.10/turn               (no ring)

@: flying, studying Long Blades, very slow
A: AC +2, large, see invisible, deformed body, poison resistance, slowness 2,
spit poison 1, naga tail 1
a: Spit Poison, Renounce Religion


You were on level 3 of the Dungeon.
You worshipped Dithmenos.
Dithmenos was noncommittal.
You visited 1 branch of the dungeon, and saw 4 of its levels.

You collected 162 gold pieces.

Inventory:

Hand Weapons
 a - a +2 dagger
 j - a +4 dagger (weapon)
 o - a +0 short sword of flaming
Missiles
 d - 23 poisoned darts
 e - 3 curare-tipped darts
Armour
 b - a +0 robe (worn)
 c - a +1 cloak (worn)
 n - a +0 chain mail
 u - an orb of energy (worn)
Magical Staves
 t - a staff of earth
Jewellery
 f - an amulet of regeneration (around neck)
 h - a ring of resist corrosion (left hand)
Wands
 s - a wand of flame (26) (quivered)
Scrolls
 g - 2 scrolls of identify {unknown}
 i - 4 scrolls of blinking
 r - a scroll of teleportation {unknown}
 v - 2 scrolls of amnesia {unknown}
 w - a scroll of fear {unknown}
Potions
 k - a potion of lignification {unknown}
 l - 2 potions of curing {unknown}
 m - a potion of brilliance {unknown}
 p - a potion of flight
 q - a potion of berserk rage {unknown}


   Skills:
 + Level 2.5 Fighting
 + Level 3.3 Short Blades
 + Level 1.9 Throwing
 + Level 1.9 Dodging
 + Level 8.6 Stealth


You had 4 spell levels left.
You knew the following spells:

 Your Spells              Type           Power      Damage    Failure   Level
a - Pain                  Necr           0%         1d4       34%         1

Your spell library contained the following spells:

 Spells                   Type           Power      Damage    Failure   Level
 Ozocubu's Armour         Ice            0%         N/A       71%         3
 Animate Armour           Summ/Erth      0%         N/A       98%         4
 Agony                    Necr           0%         N/A       100%        5
 Blade Hands              Tmut           0%         N/A       100%        5
 Excruciating Wounds      Necr           0%         N/A       100%        5
 Metabolic Englaciation   Hex/Ice        0%         N/A       100%        5
 Iron Shot                Conj/Erth      0%         9d1       100%        6
 Simulacrum               Ice/Necr       0%         N/A       100%        6


Dungeon Overview and Level Annotations

Branches:
Dungeon (4/15)
 Temple: D:4-7

Altars:
Dithmenos
Makhleb
Wu Jian

Shops:
D:4 (

Annotations:
D:4 Sigmund


Innate Abilities, Weirdness & Mutations

Your serpentine skin is tough. (AC +2)
You have supernaturally acute eyesight. (SInv)
Armour fits poorly on your strangely shaped body.
Your system is resistant to poisons. (rPois)
You cover ground very slowly.
You can spit poison.
You have a snake-like lower body.


Message History

You feel very buoyant.
You fly up into the air.
You can't see any hostile targets in range.
You can't see any hostile targets in range.
Aiming: Spit Poison (1% risk of failure)
Press: ? - help, Q - select action, (/) - cycle Shift-Dir - straight line, f - +0 vorpal great sword
Aim: a +0 vorpal great sword (durably summoned, 86% to hit)
The splash of poison hits the +0 vorpal great sword but does no damage.
Hit: j) +4 dagger
Press: ? - help, Dir - move target, p - +0 vorpal great sword
Okay, then.
Aiming: Throw Flame
Press: ? - help, Q - select action, (/) - cycle Shift-Dir - straight line, f/p - +0 vorpal great sword
Aim: a +0 vorpal great sword (durably summoned, 89% to hit)
The puff of flame misses the +0 vorpal great sword.
Aiming: Throw Flame
Press: ? - help, Q - select action, (/) - cycle Shift-Dir - straight line, f/p - +0 vorpal great sword
Aim: a +0 vorpal great sword (durably summoned, 89% to hit)
The puff of flame hits the +0 vorpal great sword but does no damage.
You hit the +0 vorpal great sword but do no damage.
You hit the +0 vorpal great sword.
The +0 vorpal great sword is moderately damaged.
You have got your breath back.
The +0 vorpal great sword hits you!
* * * LOW HITPOINT WARNING * * *
x2 You hit the +0 vorpal great sword.
The +0 vorpal great sword is heavily damaged.
You hit the +0 vorpal great sword but do no damage.
The +0 vorpal great sword is heavily damaged.
The +0 vorpal great sword hits you!
* * * LOW HITPOINT WARNING * * *
x2
Aiming: Throw Flame
Press: ? - help, Q - select action, (/) - cycle Shift-Dir - straight line, f/p - +0 vorpal great sword
Aim: a +0 vorpal great sword (moderately damaged, durably summoned, 89% to hit)
The puff of flame hits the +0 vorpal great sword but does no damage.
The +0 vorpal great sword is moderately damaged.
You hit the +0 vorpal great sword.
The +0 vorpal great sword is severely damaged.
The +0 vorpal great sword hits you!
You die...

#.#####.#
####............ #.#
#.#
###..##...####..#.
#.#
#.######.....##.##
#..#. #.#
#....##..##.....#
#..#. #.#
######....##..#.#
#..>. #.#
#..._.#....# #...#
#.# #....##....#
#...# #.#
##..##.).#.#####....
#.#
##@(...##..........
#.#
####..###(#####....
#.# #.........#
#.... #.#
#.#######.# #....
###.# #.# #.# ##...
#...# #.#######.#
##.# #.###
#.##......# #.# #.#
#.##.###### #.# #.#
######.##.# #.#


You could see a +0 vorpal great sword.

Vanquished Creatures
  A dancing weapon (D:3)
  A black bear (D:4)
  A hound (D:4)
  3 adders
  An ufetubus (D:4)
  2 worms (D:3)
  4 dart slugs
  9 endoplasms
  5 giant cockroaches
  6 goblins
  9 hobgoblins
  3 jackals (D:3)
  4 ball pythons
  6 bats
  3 frilled lizards (D:1)
  4 kobolds
  9 rats
71 creatures vanquished.

Notes
Turn   | Place    | Note
-------+----------+-------------------------------------------
     0 | D:1      | Bimmy the Naga Brigand began the quest for the Orb.
     0 | D:1      | Reached XP level 1. HP: 19/19 MP: 1/1
    61 | D:1      | Reached skill level 6 in Stealth
   283 | D:1      | Reached XP level 2. HP: 25/26 MP: 2/2
   499 | D:1      | Reached XP level 3. HP: 29/32 MP: 3/3
   737 | D:2      | Reached skill level 1 in Dodging
   995 | D:2      | Found a faded altar of an unknown god.
  1009 | D:2      | Prayed at the altar of an unknown god.
  1009 | D:2      | Became a worshipper of the Wu Jian Council
  1009 | D:2      | Reached * piety under Wu Jian
  1248 | D:2      | Found a burning altar of Makhleb.
  1256 | D:2      | Learned a level 1 spell: Pain
  1374 | D:2      | Reached skill level 7 in Stealth
  1374 | D:2      | Reached XP level 4. HP: 39/39 MP: 4/4
  1757 | D:3      | Found a shadowy altar of Dithmenos.
  1996 | D:3      | Fell from the grace of Wu Jian
  1996 | D:3      | Became a worshipper of Dithmenos the Shadowed
  2379 | D:4      | Noticed Sigmund
  2392 | D:4      | Noticed a black bear
  2401 | D:4      | Killed a black bear
  2402 | D:4      | Reached skill level 8 in Stealth
  2402 | D:4      | Reached XP level 5. HP: 46/46 MP: 5/5
  2404 | D:4      | Found Urashec's Weapon Shop.
  2441 | D:4      | Reached XP level 6. HP: 52/55 MP: 6/6
  2505 | D:4      | Noticed a +2 broad axe of speed
  2505 | D:4      | Noticed a +1 quarterstaff of flaming
  2505 | D:4      | Noticed a +0 vorpal great sword
  2505 | D:4      | Noticed a +0 glaive of freezing
  2518 | D:3      | Killed a +1 quarterstaff of flaming
  2538 | D:3      | Slain by a +0 vorpal great sword

Illustrated notes

Levels and vault maps discovered:
D:1:      minmay_arrival_four_circles, layout_basic, minmay_pentomino_s4
D:2:      layout_loops_corners, shapermc_ecumenical_altar_starsandcircs,
          basic_altar
D:3:      layout_loops_ring, nicolae_dithmenos_through_a_glass_darkly,
          portal_sewer_entry_c, grunt_decor_mini_mirrors
D:4:      layout_rooms, serial_shops, nicolae_square_shop, uniq_sigmund

Skill      XL: |  1  2  3  4 |
---------------+-------------+-----
Stealth        | 6 7 8 |  8.6
Dodging        | 1 |  1.9
Short Blades   | 3 |  3.3
Fighting       | |  2.5
Throwing       | |  1.9

Action                   |  1- 3 |  4- 6 || total
-------------------------+-------+-------++-------
Melee: Dagger            |    72 |    92 ||   164
       Punch             |       |     1 ||     1
Throw: Dart              |     1 |       ||     1
Invok: Lunge             |     2 |     6 ||     8
 Abil: Spit Poison       |     8 |     6 ||    14
Evoke: Wand              |       |     3 ||     3
  Use: Scroll            |     1 |     2 ||     3
       Potion            |       |     1 ||     1
 Stab: Sleeping          |    10 |    10 ||    20
       Distracted        |       |     1 ||     1
Armor: Robe              |    27 |    39 ||    66
Dodge: Dodged            |    40 |    56 ||    96

Table legend: (Time is in decaauts)
 A = Elapsed time spent in this place.
 B = Non-inter-level travel time spent in this place.
 C = Inter-level travel time spent in this place.
 D = Time resting spent in this place.
 E = Time spent auto-exploring this place.
 F = Levels seen in this place.
 G = Mean time per level.
                   A        B        C        D        E       F      G
               +--------+--------+--------+--------+--------+-----+--------+
         Total |   3434 |   2484 |    950 |      0 |   1824 |   4 |  858.5 |
       Dungeon |   3434 |   2484 |    950 |      0 |   1824 |   4 |  858.5 |
               +--------+--------+--------+--------+--------+-----+--------+

Top non-repeatable levels by time:
     D:3: 1122 daAuts
     D:2: 1092 daAuts
     D:1: 977 daAuts
     D:4: 241 daAuts
